 Dungeon Crawl Stone Soup: Circus Animals version 1.7-37-g2c94cca (webtiles) character file.

3742 DarthKuruptios the Digger (level 11, 0/165 (166) HPs) *STANDARD*
             Began as a Moon Troll Earth Elementalist on Aug 31, 2016.
             Was an Elder of Vehumet.
             Slain by a naga
             ... wielding a +0 war axe
              (2 damage)
             ... on level 4 of the Lair of Beasts.
             The game lasted 01:12:40 (14717 turns).

DarthKuruptios the Digger (MTEE)                   Turns: 14717, Time: 01:12:40

HP:   0/165 (166)   AC:  6    Str: 17    XL:     11   Next: 5%
MP:   6/75          EV:  9    Int: 15    God:    Vehumet [****..]
Gold: 382           SH:  0    Dex: 15    Spells: 6 memorised, 3 levels left

rFire  . . .     rPois    .     g - staff of cold
rCold  + + +     rElec    +     m - +1 robe "Xuzeigg" {rElec rC+ Int+3}
rNeg   . . .     rCorr    .     (no shield) MagicSh . . . SeeInvis .
                                (helmet restricted) StaminaSh . . . Faith .
                                (no cloak) RegenHP ++++++....
SustAt +                        (gloves unavailable) RegenSP +++....... Dismiss +
                                (boots unavailable) RegenMP +++++++... Reflect .
                                d - amulet of dismissal
MR     .....     Harm     .     i - ring of sustain attributes
Stlth  ++........               j - ring of protection from cold

@: lethally poisoned (0 -> 0), very slightly contaminated, constricted, slow,
not resistant to hostile enchantments, unstealthy
A: unfitting armour, claws 2, fast health regeneration 2, shaggy fur 1, tough
skin 2, fast magic regeneration 3
a: Renounce Religion


You were on level 4 of the Lair of Beasts.
You worshipped Vehumet.
Vehumet was greatly pleased with you.
You were not hungry.

You visited 2 branches of the dungeon, and saw 11 of its levels.
You also visited: Sewer.

You collected 670 gold pieces.
You spent 288 gold pieces at shops.

Inventory:

Missiles
 b - 235 stones
 k - 2 steel tomahawks
Armour
 c - a +1 robe
 m - the +1 robe "Xuzeigg" (worn) {rElec rC+ Int+3}
   (You found it on level 1 of the Lair of Beasts)

   It affects your intelligence (+3).
   It protects you from cold.
   It insulates you from electricity.
Magical Staves
 g - an uncursed staff of cold (weapon)
Jewellery
 a - an uncursed amulet of stamina regeneration
 d - an amulet of dismissal (around neck)
 e - an uncursed ring of stamina
 h - an uncursed ring of stealth
 i - a ring of sustain attributes (right claw)
 j - a ring of protection from cold (left claw)
 n - an uncursed ring of protection from cold
Wands
 f - a wand of digging (21/48)
 l - a wand of confusion (16/48)
Scrolls
 f - a scroll of identify
 l - 3 scrolls of enchant armour
 m - 8 scrolls of remove curse
 n - 2 scrolls of magic mapping
 o - 2 scrolls of fear
 s - 7 scrolls of teleportation
 x - a scroll of recharging
 B - a scroll of blinking
 C - a scroll of immolation
Potions
 b - 3 potions of heal wounds
 c - 7 potions of stamina
 d - 4 potions of magic
 e - 5 potions of agility
 g - 6 potions of flight
 h - 5 potions of curing
 i - 2 potions of invisibility
 j - a potion of mutation {unknown}
 k - a potion of haste {unknown}
 p - 6 potions of lignification
 q - 2 potions of berserk rage
 r - 2 potions of cure mutation
 t - 4 potions of ambrosia
 u - 2 potions of cancellation {unknown}
 v - 3 potions of resistance {unknown}
 w - 2 potions of brilliance {unknown}
 z - a potion of beneficial mutation {unknown}
Books
 a - a book of Geomancy

   Spells                             Type                      Level
   a - Sandblast                      Earth                        1
   b - Passwall                       Transmutation/Earth          2
   c - Stone Arrow                    Earth                        2
   d - Petrify                        Transmutation/Earth          4
   e - Lee's Rapid Deconstruction     Transmutation/Earth          5
 y - a book of Debilitation

   Spells                             Type                      Level
   a - Corona                         Hexes/Light                  1
   b - Slow                           Hexes/Time                   2
   c - Tukima's Dance                 Hexes/Summoning              3
   d - Inner Flame                    Hexes/Fire/Time              3
   e - Cause Fear                     Hexes/Darkness               4
   f - Summon Mana viper              Hexes/Summoning              5
 A - a book of Ice

   Spells                             Type                      Level
   a - Ice Form                       Ice/Transmutation            4
   b - Metabolic Englaciation         Hexes/Ice                    5
   c - Ozocubu's Refrigeration        Hexes/Ice                    6
   d - Bolt of Cold                   Conjuration/Ice              6
   e - Freezing Cloud                 Conjuration/Ice/Air          6
   f - Simulacrum                     Ice/Necromancy/Summoning     6


   Skills:
 - Level 3.3 Dodging
 - Level 1.1 Stealth
 - Level 5.4 Spellcasting
 * Level 2.9 Conjurations
 * Level 1.8 Translocations
 - Level 6.3 Transmutations
 * Level 4.1 Ice Magic
 - Level 6.7 Earth Magic


You had 3 spell levels left.
You knew the following spells:

 Your Spells              Type           Power        Failure   Level  Hunger
a - Sandblast             Erth           #.........   4%          1    ##.....
b - Stone Arrow           Erth           #.........   8%          2    ##.....
c - Lee's Rapid Deconstr  Tmut/Erth      #.........   44%         5    ####...
d - Bolt of Cold          Conj/Ice       #.........   77%         6    #####..
e - Throw Frost           Conj/Ice       #.........   9%          2    ##.....
f - Force Lance           Conj/Tloc      #.........   39%         4    ###....


Dungeon Overview and Level Annotations

Branches:
Dungeon (7/7)                Lair (4/7) D:7          Shoals (0/4) Lair:2
  Snake: Lair:2-6     Swamp: Lair:2-6

Altars:
Ashenzari
Gozag
Okawaru
Ru
Vehumet
Yredelemnul

Shops:
D:7 !


Innate Abilities, Weirdness & Mutations

You are too large for most types of armour.
You have very sharp fingernails.
You heal very quickly.
You are covered in fur. (AC +1)
You have very tough skin. (AC +2)
You regenerate magic extremely rapidly.


Message History

The splash of poison misses you. The naga barely misses you.
The naga hits you with a war axe. (hp-5)
The naga grabs you. (hp-2)
The naga constricts you. The naga misses you.
The stone arrow misses the naga. (hp-2)
You feel sick.
The naga hits you with a war axe! (hp-13) Damage (13) was greater than 30% of your hp (41)!!!
* * * LOW HITPOINT WARNING * * *; (hp-1)
* * * LOW HITPOINT WARNING * * *; The naga constricts you.
The naga hits you from afar with an enchanted glaive! (hp-13)
* * * LOW HITPOINT WARNING * * *; The naga hits you with a war axe. (hp-4)
* * * LOW HITPOINT WARNING * * *; (hp-1)
* * * LOW HITPOINT WARNING * * *; The naga constricts you.
Unknown command.
The stone arrow hits the naga. (mon hp-13) (hp-2)
You feel sick.
The naga hits you from afar with an enchanted glaive! (hp-13)
* * * LOW HITPOINT WARNING * * *; The naga completely misses you.
The naga constricts you.
The naga hits you from afar with an enchanted glaive! (hp-8)
* * * LOW HITPOINT WARNING * * *; The naga hits you with a war axe. (hp-2)
You die...

#.P #.# #.. #.P#####.#
#.. #####.##.#.#.# ..##
#P##.....).... #...
##............. #...
#.###..##.#.... #.N
##.####..#####..
.#####N##....##.######..
......)@............>...
..#..##..###.#...#..#.#.
# #...#####.#######.
#..## #..# #.. ##..
####.## #P. ..###.#..#.
##. ..........# #.
........... ## #.P...#
####


You could see 2 nagas.

Vanquished Creatures
  A hydra (Lair:1)
  Sonja (Lair:1)
  A griffon (Lair:1)
  Pikel (D:6)
  2 black mambas (Lair:3)
  8 spiny frogs
  7 komodo dragons
  3 rime drakes
  A merfolk (Lair:2)
  A troll (D:7)
  13 blink frogs
  13 yaks
  5 hippogriffs
  A human (D:7)
  A hog (D:7)
  A basilisk (Lair:3)
  7 water moccasins
  5 nagas (Lair:4)
  An ice beast (D:6)
  A black bear (Lair:1)
  A slave (D:6)
  10 porcupines
  A sky beast (D:5)
  4 ogres
  A wasp (Lair:4)
  4 crocodiles
  15 wolves
  4 centaurs
  14 giant frogs
  A wyvern skeleton (D:7)
  4 killer bees (D:7)
  6 crimson imps
  3 electric eels
  2 howler monkeys (D:7)
  7 hounds
  A centaur skeleton (D:4)
  2 jellies
  5 orc priests
  9 orc wizards
  6 iguanas
  9 worker ants
  3 sheep (D:7)
  2 worker ant zombies (D:6)
  3 dart slugs
  Robin (D:3)
  6 giant geckos
  4 gnolls (D:4)
  9 oozes
  28 orcs
  20 adders
  3 ball pythons
  9 giant cockroaches
  12 goblins
  15 hobgoblins
  10 jackals
  5 quokkas
  15 river rats
  2 shadow imps
  9 worms
  2 adder skeletons
  24 bats
  2 giant gecko skeletons (D:7)
  9 giant newts
  21 kobolds
  A quokka skeleton (D:4)
  22 rats
420 creatures vanquished.

Vanquished Creatures (others)
  A crocodile (Lair:1)
  A wolf (D:7)
2 creatures vanquished.

Grand Total: 422 creatures vanquished

Notes
Turn   | Place    | Note
-------+----------+-------------------------------------------
     0 | D:1      | DarthKuruptios the Moon Troll Earth Elementalist began the quest for the Orb.
     0 | D:1      | Reached XP level 1. HP: 166/166 MP: 75/75
   143 | D:1      | Reached skill level 1 in Stealth
   204 | D:1      | Reached XP level 2. HP: 166/166 MP: 63/75
   670 | D:1      | Reached XP level 3. HP: 166/166 MP: 66/75
  1951 | D:2      | Learned a level 2 spell: Stone Arrow
  2066 | D:2      | Found an iron altar of Okawaru.
  2666 | D:2      | Gained mutation: You regenerate magic very rapidly. [Moon Troll growth]
  2666 | D:2      | Reached XP level 4. HP: 166/166 MP: 62/75
  3600 | D:3      | Noticed Robin
  3603 | D:3      | Killed Robin
  4256 | D:4      | Reached XP level 5. HP: 160/166 MP: 58/75
  4307 | D:4      | Found a sacrificial altar of Ru.
  4878 | D:5      | Entered Level 5 of the Dungeon
  4983 | D:5      | Found a glowing drain.
  5009 | Sewer    | Entered a sewer
  5023 | Sewer    | Learned a level 5 spell: Lee's Rapid Deconstruction
  5046 | Sewer    | Reached skill level 1 in Transmutations
  5634 | D:5      | Reached XP level 6. HP: 117/166 MP: 50/75
  5760 | D:5      | Found a faded altar of an unknown god.
  7082 | D:6      | Noticed Pikel
  7092 | D:6      | Killed Pikel
  7516 | D:6      | Reached XP level 7. HP: 166/166 MP: 63/75
  7748 | D:7      | Entered Level 7 of the Dungeon
  7791 | D:7      | Reached skill level 5 in Earth Magic
  8339 | D:7      | Found a basalt altar of Yredelemnul.
  8340 | D:7      | Found an opulent altar of Gozag.
  8700 | D:7      | Found a staircase to the Lair.
  8882 | D:7      | Gained mutation: You regenerate magic extremely rapidly. [Moon Troll growth]
  8882 | D:7      | Reached XP level 8. HP: 155/165 MP: 69/75
  9270 | D:7      | Found Mohauhac's Distillery.
  9282 | D:7      | Bought a potion of ambrosia for 96 gold pieces
  9282 | D:7      | Bought a potion of heal wounds for 96 gold pieces
  9282 | D:7      | Bought a potion of ambrosia for 96 gold pieces
  9388 | D:7      | Found a shattered altar of Ashenzari.
  9389 | D:7      | Found a sacrificial altar of Ru.
  9444 | D:7      | Found a radiant altar of Vehumet.
  9458 | D:7      | Became a worshipper of Vehumet
  9712 | Lair:1   | Entered Level 1 of the Lair of Beasts
  9864 | Lair:1   | Noticed Sonja
  9880 | Lair:1   | Killed Sonja
 10026 | Lair:1   | Reached * piety under Vehumet
 10026 | Lair:1   | Offered knowledge of Sting by Vehumet.
 10130 | Lair:1   | Reached XP level 9. HP: 56/165 MP: 61/75
 10132 | Lair:1   | Reached skill level 5 in Transmutations
 10222 | Lair:1   | Learned a level 6 spell: Bolt of Cold
 10426 | Lair:1   | Got a crude robe
 10437 | Lair:1   | Identified the +1 robe "Xuzeigg" {rElec rC+ Int+3} (You found it on level 1 of the Lair of Beasts)
 10584 | Lair:1   | Noticed a three-headed hydra
 10591 | Lair:1   | Killed a three-headed hydra
 10591 | Lair:1   | Reached skill level 1 in Ice Magic
 10635 | Lair:1   | Noticed a griffon
 10643 | Lair:1   | Killed a griffon
 10643 | Lair:1   | Reached skill level 5 in Spellcasting
 10977 | Lair:1   | Reached ** piety under Vehumet
 10977 | Lair:1   | Offered knowledge of Searing Ray by Vehumet.
 12087 | Lair:2   | Reached skill level 1 in Conjurations
 12087 | Lair:2   | Gained mutation: You are covered in fur. (AC +1) [Moon Troll growth]
 12087 | Lair:2   | Reached XP level 10. HP: 148/166 MP: 65/75
 12408 | Lair:2   | Offered knowledge of Throw Frost by Vehumet.
 12414 | Lair:2   | Learned a level 2 spell: Throw Frost
 12478 | Lair:2   | Reached *** piety under Vehumet
 12965 | Lair:2   | Found a staircase to the Shoals.
 13770 | Lair:3   | Offered knowledge of Force Lance by Vehumet.
 13776 | Lair:3   | Learned a level 4 spell: Force Lance
 14013 | Lair:3   | Reached skill level 1 in Translocations
 14444 | Lair:3   | Reached XP level 11. HP: 142/166 MP: 13/75
 14711 | Lair:4   | Reached **** piety under Vehumet
 14717 | Lair:4   | HP: 10/165 [naga/enchanted glaive (13)]
 14717 | Lair:4   | HP: 2/165 [naga/enchanted glaive (8)]
 14717 | Lair:4   | Slain by a naga

Skill      XL: |  1  2  3  4  5  6  7  8  9 10 |
---------------+-------------------------------+-----
Stealth        | 1 |  1.1
Spellcasting   | 3 4 5 |  5.4
Earth Magic    | 4 5 6 |  6.7
Transmutations | 1 2 3 4 5 6 |  6.3
Ice Magic      | 2 4 |  4.1
Conjurations   | 1 2 |  2.9
Translocations | 1 |  1.8
Dodging        | |  3.3

Action                   |  1- 3 |  4- 6 |  7- 9 | 10-12 || total
-------------------------+-------+-------+-------+-------++-------
Melee: Unarmed           |     1 |     5 |     5 |       ||    11
       Staff             |       |       |       |     1 ||     1
 Cast: Sandblast         |    62 |     5 |     2 |       ||    69
       Stone Arrow       |    50 |   283 |   305 |   155 ||   793
       Throw Frost       |       |       |       |     7 ||     7
       Force Lance       |       |       |       |     3 ||     3
Evoke: Wand              |       |       |     1 |       ||     1
  Use: Scroll            |     5 |    16 |     1 |     2 ||    24
       Potion            |       |     1 |     2 |     1 ||     4
Armor: Robe              |    23 |    52 |    63 |    31 ||   169
Dodge: Dodged            |    44 |   153 |   240 |   152 ||   589
